 Dungeon Crawl Stone Soup version 0.17.0-1-g61d176b (console) character file.

360 gw the Ducker (level 6, -1/62 HPs)
             Began as a Troll Hunter on Nov 8, 2015.
             Was a Follower of Trog.
             Slain by a gnoll
             ... wielding a +0 halberd
              (15 damage)
             ... on level 4 of the Dungeon.
             The game lasted 00:04:39 (3610 turns).

gw the Ducker (Troll Hunter)                        Turns: 3610, Time: 00:04:39

Health: -1/62      AC:  6    Str: 21    XL:     6   Next: 38%
Magic:  5/5        EV: 11    Int:  7    God:    Trog [*.....]
Gold:   126        SH:  0    Dex: 12    Spells: 0 memorised, 5 levels left

rFire  . . .     SeeInvis .     c - +0 short sword
rCold  . . .     Clarity  .     d - +0 robe
rNeg   . . .     SustAt   .     (no shield)
rPois  .         Gourm    +     (helmet restricted)
rElec  .         Spirit   .     f - +0 cloak
rCorr  .         Warding  .     (gloves unavailable)
rMut   .         Stasis   .     (boots unavailable)
MR     .....                    (no amulet)
Stlth  +.........               (no ring)
                                (no ring)

@: not resistant to hostile enchantments, very unstealthy
A: unfitting armour, claws 3, fast metabolism 3, gourmand, regeneration 2,
shaggy fur 1, tough skin 2
a: Berserk, Burn Spellbooks, Renounce Religion


You were on level 4 of the Dungeon.
You worshipped Trog.
Trog was aware of your devotion.
You were full.

You visited 1 branch of the dungeon, and saw 4 of its levels.

You collected 126 gold pieces.

Inventory:

Hand Weapons
 c - a +0 short sword (weapon)
Missiles
 a - 5 large rocks (quivered)
 b - 2 throwing nets
Armour
 d - a +0 robe (worn)
 f - a +0 cloak (worn)
Comestibles
 e - 4 bread rations


   Skills:
 + Level 3.9 Fighting
 - Level 3.6 Throwing
 + Level 4.3 Dodging
 - Level 0.4 Stealth


You had 5 spell levels left.
You didn't know any spells.

Dungeon Overview and Level Annotations

Branches:
Dungeon (4/15)
 Temple: D:4-7

Altars:
Makhleb
Trog
Vehumet


Innate Abilities, Weirdness & Mutations

You are too large for most types of armour.
You have claws for hands.
Your metabolism is lightning-fast.
You like to eat raw meat.
You heal very quickly.
You are covered in fur (AC +1).
You have very tough skin (AC +2).


Message History

Unknown command.
Unknown command.
Unknown command.
Unknown command.
ATTACK MOVE TO (0,-1)
You hit the gnoll.
The gnoll is lightly wounded.
The gnoll closely misses you. x2
The gnoll hits you from afar with a halberd!
Unknown command.
Unknown command.
Unknown command.
Unknown command.
ATTACK MOVE TO (0,-1)
You hit the gnoll but do no damage.
The gnoll is lightly wounded.
The gnoll hits you from afar with a spear.
The gnoll hits you with a club.
The gnoll hits you from afar with a halberd!
You die...

......# ....... #####
....(.. ... .......
#######.# .......
......#.#############...
......'gg...........#+##
#g########........ #T#
#...<...... #.#
#.#........ #.#
#.#........
#.######.#........
#........#........
#........####.#.##
#........####.#.#
#.............#.#
#.......#######.#


You could see 3 gnolls.

Table legend:
 A = Turns spent in this place as a percentage of turns spent in the entire game.
 B = Non-inter-level travel turns spent in this place as a percentage of non-inter-level travel turns spent in the entire game.
 C = Inter-level travel turns spent in this place as a percentage of turns spent in this place.
 D = Turns resting spent in this place as a percentage of non-inter-level travel turns spent in this place.
 E = Turns spent auto-exploring this place as a percentage of non-inter-level travel turns spent in this place.
 F = Non-inter-level travel turns spent in this place divided by the number of levels of this place that you've seen.
                   A       B       C       D       E      F
               +-------+-------+-------+-------+-------+----------------------
         Total | 100.0 | 100.0 |   1.1 |   0.7 |   1.7 | 1682.0
       Dungeon | 100.0 | 100.0 |   1.1 |   0.7 |   1.7 | 1682.0
               +-------+-------+-------+-------+-------+----------------------

Table legend:
 A = Kills in this place as a percentage of kills in entire the game.
 B = Kills by you in this place as a percentage of kills by you in the entire game.
 C = Kills by friends in this place as a percentage of kills by friends in the entire game.
 D = Other kills in this place as a percentage of other kills in the entire game.
 E = Experience gained in this place as a percentage of experience gained in the entire game.
 F = Experience gained in this place divided by the number of levels of this place that you have seen.
                   A       B       C       D       E      F
               +-------+-------+-------+-------+-------+----------------------
         Total | 100.0 | 100.0 |  -nan |  -nan | 100.0 | 128.8
       Dungeon | 100.0 | 100.0 |  -nan |  -nan | 100.0 | 128.8
               +-------+-------+-------+-------+-------+----------------------

Vanquished Creatures
  A centaur (D:3)
  Jessica (D:2)
  Terence (D:2)
  A giant frog skeleton (D:4)
  Natasha (thrice) (D:2)
  An iguana (D:4)
  An orc wizard (D:3)
  3 adders
  2 oozes (D:1)
  3 worms
  3 orcs (D:3)
  A ball python (D:2)
  2 giant cockroaches (D:2)
  10 hobgoblins
  9 jackals
  3 kobolds
  4 quokkas
  13 bats
  2 giant newts
  6 goblins
  12 rats
82 creatures vanquished.

Notes
Turn   | Place    | Note
--------------------------------------------------------------
     0 | D:1      | gw the Troll Hunter began the quest for the Orb.
     0 | D:1      | Reached XP level 1. HP: 19/19 MP: 0/0
   217 | D:1      | Reached XP level 2. HP: 22/28 MP: 1/1
  1058 | D:1      | Reached XP level 3. HP: 32/35 MP: 2/2
  1172 | D:2      | Noticed Jessica
  1190 | D:2      | Killed Jessica
  1340 | D:2      | Found a bloodstained altar of Trog.
  1423 | D:2      | Reached XP level 4. HP: 33/44 MP: 3/3
  1479 | D:2      | Became a worshipper of Trog the Wrathful
  1483 | D:2      | Found a burning altar of Makhleb.
  1484 | D:2      | Found a radiant altar of Vehumet.
  1693 | D:2      | Noticed Terence
  1711 | D:2      | Killed Terence
  2240 | D:2      | Noticed Natasha
  2257 | D:2      | Killed Natasha
  2257 | D:2      | Reached XP level 5. HP: 45/53 MP: 4/4
  2292 | D:2      | Noticed Natasha
  2330 | D:2      | Killed Natasha
  2423 | D:2      | Noticed Natasha
  2428 | D:2      | Killed Natasha
  2490 | D:2      | Reached * piety under Trog
  2965 | D:3      | Noticed a centaur
  2974 | D:3      | Killed a centaur
  2974 | D:3      | Reached XP level 6. HP: 49/62 MP: 5/5
  3042 | D:3      | Reached skill level 4 in Dodging
  3610 | D:4      | Slain by a gnoll

Action                   |  1- 3 |  4- 6 || total
-------------------------+-------+-------++-------
Melee: Short sword       |   171 |   316 ||   487
Invok: Berserk           |       |     2 ||     2
 Stab: Sleeping          |     1 |       ||     1
  Eat: Chunk             |    15 |    25 ||    40

Vault maps used:
D:1:      lemuel_arrival_behind_the_door_small, roderic_roman_lattice
D:2:      forest_paths, minitemple, hangedman_abyss_or_decor_stabs,
          uniq_terence, uniq_jessica, uniq_natasha
D:4:      kennysheep_mini_moat, uniq_robin
